 Dungeon Crawl Stone Soup version 0.19-a0-1206-g6bcb79c (webtiles) character file.

48789 LORDOFBUTT the Bludgeoner (level 14, -2/125 HPs)
             Began as a Minotaur Fighter on Aug 22, 2016.
             Was an Initiate of Gozag.
             Slain by a death yak (6 damage)
             ... on level 6 of the Lair of Beasts.
             The game lasted 00:23:46 (14600 turns).

LORDOFBUTT the Bludgeoner (Minotaur Fighter)       Turns: 14600, Time: 00:23:46

Health: -2/125     AC: 22    Str: 33    XL:     14   Next: 13%
Magic:  13/13      EV: 12    Int:  5    God:    Gozag
Gold:   3235       SH: 15    Dex: 15    Spells: 0 memorised, 13 levels left

rFire  . . .     SeeInvis .     B - +2 flail "Syxar" {venom, *Drain Str+5}
rCold  + . .     Gourm    .     y - +0 plate armour {rC+}
rNeg   + . .     Faith    .     c - +0 shield
rPois  .         Spirit   .     Q - +0 hat
rElec  .         Dismiss  .     E - +2 cloak
rCorr  .         Reflect  .     o - +2 pair of gloves
MR     +....     Harm     .     (no boots)
Stlth  ..........               (no amulet)
                                J - +2 ring of strength
                                n - ring of positive energy

@: mighty, about to teleport, gold aura
A: retaliatory headbutt, horns 2
a: Potion Petition, Call Merchant, Bribe Branch, Renounce Religion


You were on level 6 of the Lair of Beasts.
You worshipped Gozag.
Gozag was most pleased with you.
You were not hungry.

You visited 3 branches of the dungeon, and saw 16 of its levels.

You collected 4035 gold pieces.
You spent 232 gold pieces at shops.
You paid 568 gold pieces to Gozag.

Inventory:

Hand Weapons
 u - the +3 mace "Iluirid" {freeze, rPois}
   (You found it on level 4 of the Dungeon)

   It has been specially enchanted to freeze those struck by it, causing extra
   injury to most foes and up to half again as much damage against particularly
   susceptible opponents.
   It can also slow down cold-blooded creatures.
   It protects you from poison.
 B - the +2 flail "Syxar" (weapon) {venom, *Drain Str+5}
   (You found it on level 7 of the Dungeon)

   It poisons the flesh of those it strikes.
   It affects your strength (+5).
   It causes draining when unequipped.
 W - a +1 morningstar of holy wrath
 X - a +5 morningstar of protection
Armour
 c - a +0 shield (worn)
 o - a +2 pair of gloves (worn)
 y - a +0 plate armour of cold resistance (worn)
 E - a +2 cloak (worn)
 Q - a +0 hat (worn)
Jewellery
 n - a ring of positive energy (left hand)
 r - an uncursed ring of see invisible
 J - a +2 ring of strength (right hand)
 K - an uncursed ring of stealth
 R - an uncursed ring of ice
 Y - an uncursed ring of magical power {unknown}
Wands
 L - a wand of disintegration (15/24)
 N - a wand of random effects (11/48)
 P - a wand of paralysis (12/24)
 S - a wand of lightning (8/15)
 V - a wand of teleportation (1/9)
 Z - a wand of paralysis (16/24)
Scrolls
 h - 13 scrolls of remove curse
 i - 10 scrolls of teleportation
 j - 2 scrolls of magic mapping
 k - 2 scrolls of recharging
 l - 7 scrolls of identify
 q - 3 scrolls of fog
 x - 2 scrolls of immolation {unknown}
 M - a scroll of vulnerability
 T - a scroll of summoning {unknown}
 U - a scroll of brand weapon {unknown}
Potions
 d - 3 potions of heal wounds
 e - 8 potions of flight
 m - 4 potions of curing
 p - 6 potions of degeneration
 s - 2 potions of magic
 t - a potion of resistance
 v - 2 potions of mutation
 z - 2 potions of lignification
 C - a potion of cure mutation {unknown}
 D - 2 potions of haste
 F - 2 potions of ambrosia {unknown}
 I - 2 potions of brilliance {unknown}
Books
 A - a book of the Earth

   Spells                             Type                      Level
   a - Leda's Liquefaction            Hexes/Earth                  4
   b - Bolt of Magma                  Conjuration/Fire/Earth       5
   c - Statue Form                    Transmutation/Earth          6
   d - Iron Shot                      Conjuration/Earth            6
   e - Shatter                        Earth                        9
 H - a Necronomicon

   Spells                             Type                      Level
   a - Haunt                          Necromancy/Summoning         7
   b - Borgnjor's Revivification      Necromancy                   8
   c - Death's Door                   Charms/Necromancy            8
   d - Infestation                    Necromancy                   8
   e - Necromutation                  Transmutation/Necromancy     8
Comestibles
 a - 3 beef jerkies
 b - 2 royal jellies
 f - 6 bread rations
 g - 4 meat rations
 O - 18 fruits


   Skills:
 + Level 11.9 Fighting
   Level 4.1(12.8) Axes
 * Level 18.0(18.1) Maces & Flails
 + Level 11.7 Armour
 + Level 6.2 Dodging
 + Level 2.5 Stealth
 + Level 13.5 Shields
 + Level 1.0 Evocations


You had 13 spell levels left.
You didn't know any spells.

Dungeon Overview and Level Annotations

Branches:
Dungeon (9/15)             Temple (1/1) D:5            Lair (6/6) D:9
 Shoals (0/4) Lair:4       Spider (0/4) Lair:2        Slime (0/5) Lair:6
    Orc: D:9-12

Altars:
Ashenzari
Cheibriados
Dithmenos
Elyvilon
Fedhas
Gozag
Hepliaklqana
Kikubaaqudgha
Makhleb
Nemelex Xobeh
Okawaru
Qazlal
Ru
Sif Muna
Trog
Uskayaw
Vehumet
Xom
Yredelemnul
Zin
The Shining One

Shops:
Lair:3 (


Innate Abilities, Weirdness & Mutations

You reflexively headbutt those who attack you in melee.
You have a pair of horns on your head.


Message History

The death yak gores the plant!!
The death yak is distracted by the nearby gold.
The death yak gores the plant!!
Unknown command.
A yak and a death yak come into view.
The death yak bellows!
The death yak gores the plant!
Cornered, the death yak turns to fight!
The death yak gores the plant.
A yak comes into view.
A yak comes into view.
The yak bellows! x2
The death yak gores the plant!!
The yak moves out of view.
Found a potion of curing.
Something gores the plant!
As you read the scroll of teleportation, it crumbles to dust.
You feel strangely unstable.
The yak is distracted by the nearby gold.
The death yak gores you.
You die...
Your body crumbles into a pile of gold. ## #!. #... ## .. ....##. #. .YYY.
Y. .Y.## Y# #..## YY## ### #@.# #YYY#

##.### ##Y###...##
##..
##....####...YYY..#
.#.#.
#......##P..$P###..#
...P..
#......#..P###
...... #..##.....##
..... #...###.###
.P..#.# ##...#######
..#.... ##...###..#


You could see 2 death yaks and 3 yaks.

Vanquished Creatures
  Gastronok (Lair:1)
  Kirke (Lair:6)
  The ghost of cerealjynx the Grappler, a journeyman TrCK of Xom (Lair:6)
  Fannar (Lair:1)
  5 hydras
  2 catoblepae (Lair:6)
  11 death yaks
  Sonja (Lair:1)
  A fire crab (Lair:5)
  2 griffons
  3 sirens (Lair:4)
  11 elephants
  Joseph (D:8)
  2 black mambas (Lair:2)
  Maurice (D:8)
  8 spiny frogs
  A rime drake (Lair:4)
  8 komodo dragons
  The ghost of oldriver the Shield-Bearer, a novice GrFi of Qazlal (D:6)
  A merfolk (Lair:4)
  A troll (D:9)
  4 polar bears
  2 jumping spiders (Lair:2)
  2 slime creatures (Lair:6)
  7 blink frogs
  A redback (Lair:2)
  4 wraiths (D:9)
  20 yaks
  A wyvern (Lair:4)
  6 basilisks
  3 hogs (Lair:6)
  5 hippogriffs
  12 water moccasins
  3 orc warriors
  11 porcupines
  2 ice beasts
  A sky beast (D:8)
  The ghost of eyeofheimdall the Skirmisher, an amateur HOBe of Trog (D:3)
  An ogre (D:8)
  2 phantoms
  A necrophage (D:9)
  18 wolves
  2 centaurs
  12 crocodiles
  2 big kobolds
  13 giant frogs
  Blork the orc (D:4)
  An elf zombie (D:9)
  A troll zombie (D:9)
  3 scorpions
  16 killer bees
  10 wights
  An electric eel (Lair:5)
  5 crimson imps
  2 centaur zombies
  A giant frog zombie (D:9)
  Crazy Yiuf (D:4)
  3 hounds
  2 jellies
  2 human zombies (D:9)
  5 orc wizards
  8 iguanas
  5 worker ants
  39 sheep
  A hound zombie (D:8)
  3 hound skeletons
  A mummy (D:9)
  Robin (D:4)
  2 worker ant zombies
  7 adders
  46 river rats
  A shadow imp (D:7)
  An ooze (D:2)
  An adder zombie (D:6)
  An adder skeleton (D:8)
  A worm (D:3)
  A dart slug (D:1)
  4 giant geckos
  33 orcs
  9 giant cockroaches
  16 goblins
  5 hobgoblins
  14 jackals
  20 kobolds
  A quokka (D:6)
  A ball python (D:2)
  5 bats
  A giant gecko zombie (D:7)
  6 giant newts
  A jackal zombie (D:5)
  An orc zombie (D:9)
  A quokka zombie (D:8)
  8 rats
  3 fungi (D:4)
  A plant (D:9)
503 creatures vanquished.

Vanquished Creatures (others)
  3 humans (Lair:6)
  A sheep (Lair:6)
  A bush (Lair:5)
  3 fungi
  9 plants
17 creatures vanquished.

Grand Total: 520 creatures vanquished

Notes
Turn   | Place    | Note
-------+----------+-------------------------------------------
     0 | D:1      | LORDOFBUTT the Minotaur Fighter began the quest for the Orb.
     0 | D:1      | Reached XP level 1. HP: 19/19 MP: 0/0
   126 | D:1      | Reached XP level 2. HP: 25/27 MP: 1/1
   617 | D:2      | Reached XP level 3. HP: 33/33 MP: 2/2
  1316 | D:3      | Reached XP level 4. HP: 30/40 MP: 3/3
  1402 | D:3      | Reached skill level 1 in Dodging
  1421 | D:3      | Noticed eyeofheimdall's ghost (amateur HOBe)
  1429 | D:3      | Killed eyeofheimdall's ghost
  1429 | D:3      | Reached XP level 5. HP: 34/47 MP: 4/4
  1621 | D:3      | Reached skill level 5 in Shields
  1759 | D:4      | Noticed Robin
  1765 | D:4      | Killed Robin
  1887 | D:4      | Reached XP level 6. HP: 37/53 MP: 5/5
  2171 | D:4      | Found a runed door.
  2220 | D:4      | Noticed Blork the orc
  2231 | D:4      | Killed Blork the orc
  2231 | D:4      | Reached skill level 5 in Fighting
  2444 | D:4      | Noticed Crazy Yiuf
  2448 | D:4      | Killed Crazy Yiuf
  2448 | D:4      | Reached skill level 5 in Armour
  2451 | D:4      | Got a blackened mace
  2452 | D:4      | Identified the +3 mace "Iluirid" {freeze, rPois} (You found it on level 4 of the Dungeon)
  2580 | D:4      | Found a sparkling altar of Nemelex Xobeh.
  2653 | D:5      | Entered Level 5 of the Dungeon
  2721 | D:5      | Found a shadowy altar of Dithmenos.
  2880 | D:5      | Reached skill level 1 in Maces & Flails
  2970 | D:5      | Reached XP level 7. HP: 32/61 MP: 6/6
  2973 | D:5      | Reached skill level 2 in Maces & Flails
  3496 | D:5      | Found a staircase to the Ecumenical Temple.
  3593 | D:5      | Reached skill level 3 in Maces & Flails
  3693 | D:5      | Reached XP level 8. HP: 59/68 MP: 7/7
  3734 | Temple   | Entered the Ecumenical Temple
  4188 | D:6      | Reached skill level 4 in Maces & Flails
  4204 | D:6      | Reached skill level 1 in Stealth
  4442 | D:6      | Reached skill level 5 in Maces & Flails
  4537 | D:6      | Found a stormy altar of Qazlal.
  4538 | D:6      | Noticed an air elemental
  4803 | D:6      | Found an opulent altar of Gozag.
  4826 | D:6      | Noticed oldriver's ghost (novice GrFi)
  4849 | D:6      | Killed oldriver's ghost
  4849 | D:6      | Reached skill level 6 in Maces & Flails
  4849 | D:6      | Reached skill level 5 in Dodging
  4869 | D:6      | Found a burning altar of Makhleb.
  4870 | D:6      | Found a shimmering altar of Xom.
  4917 | D:6      | Reached XP level 9. HP: 78/78 MP: 8/8
  5007 | D:6      | Became a worshipper of Gozag Ym Sagoz the Greedy
  5272 | D:7      | Reached skill level 7 in Maces & Flails
  5373 | D:7      | Got an encrusted flail
  5374 | D:7      | Identified the +2 flail "Syxar" {venom, *Drain Str+5} (You found it on level 7 of the Dungeon)
  5924 | D:8      | Noticed Maurice
  5936 | D:8      | Killed Maurice
  5936 | D:8      | Reached skill level 8 in Maces & Flails
  6017 | D:8      | Noticed Joseph
  6027 | D:8      | Killed Joseph
  6080 | D:8      | Found a white marble altar of Elyvilon.
  6107 | D:8      | Noticed a hand axe
  6107 | D:8      | Found a hide-covered altar of Uskayaw.
  6108 | D:8      | Noticed a dagger
  6164 | D:8      | Reached skill level 9 in Maces & Flails
  6382 | D:8      | Reached XP level 10. HP: 67/86 MP: 9/9
  6753 | D:8      | Reached skill level 10 in Maces & Flails
  7172 | D:9      | Found a basalt altar of Yredelemnul.
  7180 | D:9      | Reached skill level 11 in Maces & Flails
  7516 | D:9      | Found a staircase to the Lair.
  7570 | Lair:1   | Entered Level 1 of the Lair of Beasts
  7571 | Lair:1   | Found an iron altar of Okawaru.
  7608 | Lair:1   | Reached skill level 12 in Maces & Flails
  7615 | Lair:1   | Reached XP level 11. HP: 77/94 MP: 10/10
  7616 | Lair:1   | Noticed Sonja
  7646 | Lair:1   | Killed Sonja
  7798 | Lair:1   | Reached skill level 10 in Shields
  8141 | Lair:1   | Noticed Gastronok
  8216 | Lair:1   | Killed Gastronok
  8243 | Lair:1   | Reached skill level 13 in Maces & Flails
  8354 | Lair:1   | Noticed Fannar
  8373 | Lair:1   | Killed Fannar
  8373 | Lair:1   | Reached skill level 1 in Evocations
  9029 | Lair:2   | Reached skill level 14 in Maces & Flails
  9169 | Lair:2   | Reached XP level 12. HP: 92/105 MP: 11/11
  9223 | Lair:2   | Found a dark tunnel.
  9324 | Lair:2   | Noticed a six-headed hydra
  9331 | Lair:2   | Killed a six-headed hydra
  9462 | Lair:2   | Found a hole to the Spider Nest.
 10268 | Lair:3   | Bought a glowing morningstar for 116 gold pieces
 10269 | Lair:3   | Bought a runed morningstar for 116 gold pieces
 10305 | Lair:3   | Noticed a death yak
 10306 | Lair:3   | Noticed a death yak
 10306 | Lair:3   | Noticed a death yak
 10307 | Lair:3   | Noticed a death yak
 10314 | Lair:3   | Killed a death yak
 10330 | Lair:3   | Killed a death yak
 10330 | Lair:3   | Reached skill level 10 in Fighting
 10330 | Lair:3   | Reached skill level 15 in Maces & Flails
 10330 | Lair:3   | Reached skill level 10 in Armour
 10370 | Lair:2   | Killed a death yak
 10571 | Lair:3   | Killed a death yak
 10700 | Lair:3   | Noticed an eight-headed hydra
 10707 | Lair:3   | Killed an eight-headed hydra
 11234 | Lair:3   | Noticed a five-headed hydra
 11243 | Lair:3   | Killed a five-headed hydra
 11766 | Lair:4   | Reached skill level 16 in Maces & Flails
 11767 | Lair:4   | Found a staircase to the Shoals.
 11824 | Lair:4   | Reached XP level 13. HP: 110/114 MP: 12/12
 12699 | Lair:5   | Found a shimmering altar of Xom.
 13577 | Lair:6   | Entered Level 6 of the Lair of Beasts
 13652 | Lair:6   | Noticed Kirke
 13661 | Lair:6   | Noticed a sphinx
 13668 | Lair:6   | Killed Kirke
 13668 | Lair:6   | Reached skill level 17 in Maces & Flails
 13781 | Lair:6   | Noticed cerealjynx's ghost (journeyman TrCK)
 13814 | Lair:6   | Killed cerealjynx's ghost
 14277 | Lair:6   | Reached XP level 14. HP: 92/125 MP: 13/13
 14300 | Lair:6   | Found a staircase to the Slime Pits.
 14591 | Lair:6   | Reached skill level 18 in Maces & Flails
 14594 | Lair:6   | HP: 5/125 [death yak (16)]
 14595 | Lair:6   | HP: 2/125 [death yak (3)]
 14600 | Lair:6   | Slain by a death yak

Vault maps used:
D:1:      minmay_arrival_five_plusses, minmay_distorted
D:2:      first_bread
D:4:      nemelex_xobeh_ov_fountains_minmay, uniq_crazy_yiuf_cottage,
          uniq_robin, uniq_blork_the_orc
D:5:      nicolae_overflow_crystal_walls
D:6:      grunt_temple_overflow_champion_of_chaos,
          nicolae_qazlal_style_of_elements,
          nicolae_gozag_cash_rules_everything_around_me
D:8:      overflow_temple_1_default, dancing_weapons_uskayaw, uniq_maurice,
          uniq_joseph
D:9:      lemuel_mausoleum_altar_yredelemnul, david_lair_shrubbed
Temple:   minmay_temple_forest_path
Lair:1:   basic_altar, minivault_11, lemuel_fruit_tree, grunt_megastairs_5,
          infiniplex_staircase_pool_2, uniq_gastronok, uniq_fannar, uniq_sonja
Lair:2:   spider_nest_entry_funnel_web, nicolae_volcano_entry_hallway,
          lemuel_fruit_fields, serial_bayou_shore_b
Lair:3:   serial_bayou_shore_b
Lair:4:   elwin_shoals_entry_stream
Lair:5:   gammafunk_lair_bear_cave, basic_altar, grunt_megastairs_3
Lair:6:   evilmike_catoblepas_cave, minmay_slime_entry_pillars, uniq_kirke

Skill      XL: |  1  2  3  4  5  6  7  8  9 10 11 12 13 14 |
---------------+-------------------------------------------+-----
Shields        | 4 5 6 7 8 9 11 12 13 | 13.5
Armour         | 4 5 6 7 8 9 10 11 | 11.7
Fighting       | 4 5 6 7 8 9 10 11 | 11.9
Dodging        | 1 2 3 4 5 6 |  6.2
Axes           | 3 4 |  4.1
Maces & Flails | 1 3 6 9 12 14 16 17 18 | 18.0
Stealth        | 1 2 |  2.5
Evocations     | 1 |  1.0

Action                   |  1- 3 |  4- 6 |  7- 9 | 10-12 | 13-15 || total
-------------------------+-------+-------+-------+-------+-------++-------
Melee: War axe           |   115 |    93 |       |       |       ||   208
       Headbutt          |    14 |    18 |    74 |   209 |   166 ||   481
       Mace              |       |    26 |   244 |       |       ||   270
       Flail             |       |       |   124 |   553 |   449 ||  1126
       Morningstar       |       |       |       |   155 |       ||   155
Invok: Call Merchant     |       |       |       |     1 |       ||     1
       Potion Petition   |       |       |       |       |     1 ||     1
Evoke: Wand              |       |       |       |     3 |       ||     3
  Use: Potion            |       |     2 |       |     4 |     3 ||     9
       Scroll            |       |       |    11 |    12 |     4 ||    27
 Stab: Distracted        |       |       |     1 |     3 |       ||     4
       Invisible         |       |       |       |       |     9 ||     9
  Eat: Beef jerky        |     2 |       |     2 |       |       ||     4
       Fruit             |       |     2 |       |       |       ||     2
       Meat ration       |       |     1 |     1 |     2 |     1 ||     5
       Bread ration      |       |       |       |     2 |     2 ||     4
Armor: Scale mail        |    55 |    59 |    69 |       |       ||   183
       Plate armour      |       |       |    78 |   242 |   179 ||   499
Dodge: Dodged            |    23 |    44 |   112 |   164 |   146 ||   489
Block: Shield            |    62 |    66 |   209 |   394 |   253 ||   984
